 Dungeon Crawl Stone Soup version 0.27-a0-498-g7ecbb0a48f (webtiles) character file.

Game seed: 14852249035382920983

1452 cavalnite the Cleaver (level 8, 0/70 HPs)
             Began as a Minotaur Berserker on Mar 2, 2021.
             Was an Elder of Trog.
             Killed from afar by an electric eel (8 damage)
             ... with a bolt of electricity
             ... on level 6 of the Dungeon.
             The game lasted 00:13:55 (6350 turns).

cavalnite the Cleaver (Minotaur Berserker)          Turns: 6350, Time: 00:13:55

Health: 0/70       AC: 15    Str: 24    XL:     8   Next: 47%
Magic:  0/7        EV:  8    Int:  4    God:    Trog [****..]
Gold:   364        SH:  0    Dex: 10    Spells: 7/7 levels left

rFire    . . .     SeeInvis .   z - +0 hand axe (flame)
rCold    . . .     Faith    .   (no shield)
rNeg     . . .     Spirit   +   p - +0 plate armour
rPois    .         Reflect  .   (helmet restricted)
rElec    .         Harm     .   B - +1 cloak
rCorr    .         Rampage  .   f - +0 pair of gloves
Will     .....                  (no boots)
Stlth    ..........             l - amulet of guardian spirit
HPRegen  0.21/turn              (no ring)
MPRegen  0.10/turn              (no ring)

@: no status effects
A: horns 2, retaliatory headbutt
a: Renounce Religion, Berserk, Trog's Hand, Brothers in Arms


You were on level 6 of the Dungeon.
You worshipped Trog.
Trog was greatly pleased with you.
You visited 1 branch of the dungeon, and saw 6 of its levels.

You collected 364 gold pieces.

Inventory:

Hand Weapons
 a - a +0 hand axe
 v - a +0 war axe
 z - a +0 hand axe of flaming (weapon)
Armour
 b - a +0 cloak
 f - a +0 pair of gloves (worn)
 p - a +0 plate armour (worn)
 y - a scarf of shadows
 B - a +1 cloak (worn)
Jewellery
 l - an amulet of guardian spirit (around neck)
 m - a ring of protection from fire
 s - an amulet of the acrobat
Scrolls
 d - 4 scrolls of magic mapping {unknown}
 i - 7 scrolls of identify
 j - 3 scrolls of teleportation {unknown}
 n - a scroll of fog
 o - a scroll of enchant armour
 t - 3 scrolls of amnesia {unknown}
 A - a scroll of blinking {unknown}
Potions
 c - a potion of ambrosia
 e - 3 potions of haste {unknown}
 g - 3 potions of heal wounds {unknown}
 h - 3 potions of attraction {unknown}
 k - 2 potions of cancellation {unknown}
 q - a potion of degeneration {unknown}
 r - 4 potions of curing {unknown}
 u - a potion of brilliance {unknown}
 w - a potion of flight {unknown}
 x - 3 potions of might {unknown}


   Skills:
 + Level 6.2 Fighting
 * Level 10.5 Axes
 + Level 4.2 Armour
 + Level 4.0 Dodging
 + Level 1.5 Stealth


You had 7 spell levels left.
You didn't know any spells.
Your spell library was empty.

Dungeon Overview and Level Annotations

Branches:
Dungeon (6/15)
 Temple: D:4-7

Altars:
Fedhas
Qazlal
Ru
Vehumet

Shops:
D:5 (*

Annotations:
D:5 3 runed translucent doors, gruber's ghost, novice KoHu


Innate Abilities, Weirdness & Mutations

You have a pair of horns on your head.
You reflexively headbutt those who attack you in melee.


Message History

An electric eel comes into view.
The electric eel moves out of view.
An electric eel is nearby!
An electric eel is nearby!
The electric eel shoots out a bolt of lightning at you!
The bolt of electricity hits you!
The electric eel shoots out a bolt of lightning at you!
The bolt of electricity hits you.
The electric eel shoots out a bolt of lightning at you!
The bolt of electricity hits you but does no damage.
The electric eel shoots out a bolt of lightning at you!
The bolt of electricity hits you!
Okay, then.
You closely miss the electric eel.
The electric eel shoots out a bolt of lightning at you!
The bolt of electricity hits you!
You miss the electric eel. Your headbutt misses the electric eel.
The electric eel shoots out a bolt of lightning at you!
The bolt of electricity hits you.
You slash the electric eel! You burn the electric eel.
Your headbutt misses the electric eel.
The electric eel is severely wounded.
The electric eel shoots out a bolt of lightning at you!
The bolt of electricity hits you!
You hit the electric eel. You burn the electric eel.
You kill the electric eel!
Trog accepts your kill.
You hear a splash.
The electric eel shoots out a bolt of lightning at you!
The bolt of electricity hits you! x2
* * * LOW HITPOINT WARNING * * *
The electric eel shoots out a bolt of lightning at you!
The bolt of electricity hits you!
* * * LOW HITPOINT WARNING * * *
The bolt of electricity hits you.
* * * LOW HITPOINT WARNING * * *
Okay, then.
The electric eel shoots out a bolt of lightning at you!
The bolt of electricity hits you!
You die...

#≈≈ ≈≈###≈;##..###
#≈≈ ≈≈# #≈≈......<
#≈≈###;≈#+#≈≈.......
#≈≈≈≈≈≈≈≈≈≈.##...#.
#;≈≈≈≈≈≈≈#.##..##<
#.#..# # #........
#...## #.##..#..
#.### #.##..#..
#@#### #.##.....
#....## #........
#.....# #.######.
#[....# ##.## #.
#.....###...#####.
##...###.###.....:
##.## #.# #..###.
#.# #.###...... #.#
##...#.####


You could see 2 electric eels.

Vanquished Creatures
  An orc warrior (D:6)
  A sky beast (D:6)
  4 ogres
  A centaur (D:5)
  A phantom (D:5)
  A bullfrog (D:6)
  A scorpion (D:4)
  A howler monkey (D:4)
  An electric eel (D:6)
  A centaur zombie (D:6)
  3 orc priests
  2 iguanas (D:4)
  3 orc wizards (D:5)
  Natasha (thrice) (D:3)
  A worker ant (D:5)
  A howler monkey zombie (D:6)
  2 worker ant zombies
  Robin (D:4)
  2 adders
  A shadow imp (D:5)
  A white imp (D:5)
  An ufetubus (D:4)
  An ooze (D:5)
  2 adder skeletons (D:4)
  2 worms
  2 dart slugs
  6 leopard geckos
  15 orcs
  A ball python (D:3)
  9 giant cockroaches
  26 goblins
  11 hobgoblins
  9 jackals
  3 quokkas
  7 bats
  4 frilled lizards
  6 kobolds
  10 rats
148 creatures vanquished.

Notes
Turn   | Place    | Note
-------+----------+-------------------------------------------
     0 | D:1      | cavalnite the Minotaur Berserker began the quest for the
                  | Orb.
     0 | D:1      | Reached XP level 1. HP: 19/19 MP: 0/0
   106 | D:1      | Reached XP level 2. HP: 27/27 MP: 1/1
   109 | D:1      | Reached skill level 4 in Axes
   521 | D:1      | Reached XP level 3. HP: 30/33 MP: 2/2
   640 | D:1      | Reached ** piety under Trog
  1112 | D:2      | Found a stormy altar of Qazlal.
  1113 | D:2      | Noticed an earth elemental
  1115 | D:2      | Noticed a water elemental
  1115 | D:2      | Noticed an air elemental
  1115 | D:2      | Noticed a fire elemental
  1512 | D:2      | Found a radiant altar of Vehumet.
  1915 | D:2      | Reached XP level 4. HP: 33/41 MP: 3/3
  2319 | D:3      | Noticed Natasha
  2326 | D:3      | Noticed an ogre
  2328 | D:3      | Killed Natasha
  2329 | D:3      | Reached skill level 5 in Axes
  2330 | D:3      | Reached *** piety under Trog
  2337 | D:3      | Killed an ogre
  2338 | D:3      | Reached XP level 5. HP: 41/47 MP: 1/4
  2584 | D:3      | Found a blossoming altar of Fedhas.
  2828 | D:3      | Noticed Natasha
  2838 | D:3      | Killed Natasha
  2839 | D:3      | Reached skill level 5 in Fighting
  2839 | D:3      | Reached skill level 1 in Stealth
  2949 | D:3      | Reached skill level 6 in Axes
  3029 | D:3      | Noticed Natasha
  3045 | D:3      | Killed Natasha
  3439 | D:4      | Noticed an ogre
  3449 | D:4      | Killed an ogre
  3450 | D:4      | Reached XP level 6. HP: 56/56 MP: 2/5
  3774 | D:4      | Reached skill level 7 in Axes
  4214 | D:4      | Noticed Robin
  4229 | D:4      | Killed Robin
  4672 | D:5      | Entered Level 5 of the Dungeon
  4678 | D:4      | Reached XP level 7. HP: 55/61 MP: 4/6
  4678 | D:4      | Reached **** piety under Trog
  4690 | D:5      | Reached skill level 8 in Axes
  4930 | D:5      | Found Apyfol's Antique Weapon Emporium.
  4965 | D:5      | Reached skill level 9 in Axes
  5231 | D:5      | Reached XP level 8. HP: 55/70 MP: 5/7
  5337 | D:5      | Found a runed translucent gate.
  5337 | D:5      | Found a runed translucent gate.
  5337 | D:5      | Found a runed translucent gate.
  5338 | D:5      | Noticed gruber's ghost (novice KoHu)
  5358 | D:5      | Found Atuj's Lightly-Used Armoury.
  5667 | D:5      | Found a sacrificial altar of Ru.
  5779 | D:6      | Reached skill level 10 in Axes
  6350 | D:6      | Killed from afar by an electric eel

Illustrated notes

Levels and vault maps discovered:
D:1:      dpeg_arrival_simpleton_c, layout_basic,
          chequers_serial_rivers_micro_e, glass_columns_a, minmay_ruptured
D:2:      layout_basic, nicolae_qazlal_style_of_elements, lemuel_tele_altar
D:3:      layout_basic, overflow_temple_1_default, serial_curves,
          eino_curves_01, eino_curves_01, uniq_natasha
D:4:      kennysheep_goblin_castle, layout_loops_cross
D:5:      layout_cave_pools, nicolae_ru_path_of_blood, serial_shops,
          kennysheep_little_box, ebering_ghost_rock_garden, minmay_door_square,
          minmay_shop_damaged
D:6:      layout_loops_ring, minmay_misc_feat_plants, columned_hall_lemuel,
          water_boxes_lemuel

Skill      XL: |  1  2  3  4  5  6  7  8 |
---------------+-------------------------+-----
Fighting       | 4 5 6 |  6.2
Axes           | 4 5 6 7 9 10 | 10.5
Dodging        | 3 4 |  4.0
Stealth        | 1 |  1.5
Armour         | 3 4 |  4.2

Action                   |  1- 3 |  4- 6 |  7- 9 || total
-------------------------+-------+-------+-------++-------
Melee: Hand axe          |    80 |    73 |    42 ||   195
       Headbutt          |    13 |    22 |    15 ||    50
       War axe           |       |    49 |    54 ||   103
Invok: Berserk           |       |     4 |     2 ||     6
  Use: Scroll            |       |     3 |       ||     3
 Stab: Sleeping          |       |     1 |       ||     1
Armor: Animal skin       |    13 |     7 |       ||    20
       Plate armour      |       |    48 |    65 ||   113
Dodge: Dodged            |    65 |    47 |    50 ||   162

Table legend: (Time is in decaauts)
 A = Elapsed time spent in this place.
 B = Non-inter-level travel time spent in this place.
 C = Inter-level travel time spent in this place.
 D = Time resting spent in this place.
 E = Time spent auto-exploring this place.
 F = Levels seen in this place.
 G = Mean time per level.
                   A        B        C        D        E       F      G
               +--------+--------+--------+--------+--------+-----+--------+
         Total |   6420 |   6218 |    202 |   1394 |   3806 |   6 | 1070.0 |
       Dungeon |   6420 |   6218 |    202 |   1394 |   3806 |   6 | 1070.0 |
               +--------+--------+--------+--------+--------+-----+--------+

Top non-repeatable levels by time:
     D:4: 1601 daAuts
     D:3: 1221 daAuts
     D:2: 1111 daAuts
     D:1: 1066 daAuts
     D:5: 804 daAuts
     D:6: 615 daAuts
